 Dungeon Crawl Stone Soup version 0.18-a0-1035-g72c9994 (webtiles) character file.

167322 homeworkjunkie the Executioner (level 17, -10/173 HPs)
             Began as a Hill Orc Fighter on Jan 5, 2016.
             Was the Champion of Okawaru.
             Killed by divine providence
             ... invoked by a balrug
             ... summoned by a lich
              (13 damage)
             ... on level 3 of the Abyss on Jan 9, 2016.
             The game lasted 01:17:03 (30837 turns).

homeworkjunkie the Executioner (Hill Orc Fighter)  Turns: 30837, Time: 01:17:03

Health: -10/173    AC: 34    Str: 31    XL:     17   Next: 92%
Magic:  0/25       EV:  8    Int:  4    God:    Okawaru [******]
Gold:   1630       SH:  0    Dex: 10    Spells: 0 memorised, 16 levels left

rFire  + . .     SeeInvis +     y - +7 war axe (flame)
rCold  + . .     Gourm    .     R - +2 gold dragon armour
rNeg   + . .     Faith    .     J - +0 shield {reflect}
rPois  +         Spirit   +     q - +2 hat
rElec  +         Dismiss  .     K - +2 cloak {MR+}
rCorr  .         Reflect  +     e - +2 pair of gloves
SustAt .         Harm     .     f - +2 pair of boots {run}
MR     ++...                    a - amulet of guardian spirit
Stlth  ..........               C - ring "Foigolea" {rElec Int-2 Slay+4 SInv}
                                G - ring of the Heavens {rN+ Str+5 Int-2}

@: confused, quick, very resistant to hostile enchantments, extremely unstealthy
A: robust 1
a: Heroism, Finesse, Renounce Religion


You were on level 3 of the Abyss.
You worshipped Okawaru.
Okawaru was exalted by your worship.
You were not hungry.

You visited 5 branches of the dungeon, and saw 25 of its levels.
You visited the Abyss 2 times.
You also visited: Labyrinth and Ice Cave.

You collected 2638 gold pieces.
You spent 1008 gold pieces at shops.

Inventory:

Hand Weapons
 y - a +7 war axe of flaming (weapon)
Armour
 e - a +2 pair of gloves (worn)
 f - a +2 pair of boots of running (worn)
 q - a +2 hat (worn)
 J - a +0 shield of reflection (worn)
 K - a +2 cloak of magic resistance (worn)
 R - a +2 gold dragon armour (worn)
Jewellery
 a - an amulet of guardian spirit (around neck)
 h - an uncursed amulet of faith {unknown}
 C - the ring "Foigolea" (right hand) {rElec Int-2 Slay+4 SInv}
   (You bought it in a shop on level 8 of the Dungeon)

   [ring of see invisible]

   It affects your intelligence (-2).
   It affects your accuracy and damage with ranged weapons and melee attacks
   (+4).
   It insulates you from electricity.
   It lets you see invisible.
 G - the ring of the Heavens (left hand) {rN+ Str+5 Int-2}
   (You found it in a labyrinth)

   [ring of positive energy]

   It affects your strength (+5).
   It affects your intelligence (-2).
   It protects you from negative energy.
 O - an uncursed ring of poison resistance
Wands
 k - a wand of teleportation (5/9)
 m - a wand of digging (11/24)
 t - a wand of invisibility (3/9)
 u - a wand of confusion (24/48)
 A - a wand of fire (0/15)
 D - a wand of paralysis (5/24)
 E - a wand of draining (3/15)
 H - a wand of enslavement (18/24)
 I - a wand of teleportation (7/9)
 P - a wand of confusion (35/48)
 S - a wand of fireball (6/15)
Scrolls
 b - 2 scrolls of immolation
 c - 2 scrolls of magic mapping
 i - 2 scrolls of holy word
 n - a scroll of blinking
 v - 3 scrolls of teleportation
 z - a scroll of recharging
 B - 8 scrolls of remove curse
 M - a scroll of fog
Potions
 d - 5 potions of brilliance
 g - 2 potions of cure mutation
 j - 2 potions of curing
 l - 5 potions of haste
 o - 2 potions of magic
 p - 2 potions of cancellation
 r - a potion of flight
 w - 7 potions of lignification
 x - 2 potions of resistance
 F - 3 potions of mutation
 L - 3 potions of ambrosia
 T - 2 potions of agility
Comestibles
 s - a bread ration


   Skills:
 * Level 15.9 Fighting
 * Level 21.0 Axes
 * Level 13.7 Armour
 + Level 3.3 Dodging
 + Level 4.2 Stealth
 * Level 16.1 Shields
 * Level 11.0 Evocations


You had 16 spell levels left.
You didn't know any spells.

Dungeon Overview and Level Annotations

Branches:
Dungeon (11/15)            Temple (1/1) D:5            Lair (8/8) D:10
 Spider (0/4) Lair:6        Slime (0/6) Lair:6          Orc (2/2) D:9
    Elf (3/3) Orc:2
  Swamp: Lair:3-6    Shoals: Lair:3-6

Altars:
Dithmenos
Fedhas
Gozag
Kikubaaqudgha
Makhleb
Nemelex Xobeh
Okawaru
Pakellas
Qazlal
Sif Muna
Trog
Vehumet
Yredelemnul
The Shining One
Beogh
Jiyva

Shops:
D:8 *   Orc:2 ?(?:   Elf:3 *

Portals:
Trove: Elf:2 (give +3 gold dragon armour)


Innate Abilities, Weirdness & Mutations

You are robust (+10% HP).


Message History

The great orb of eyes is heavily wounded.
The balrug hits you with a vampiric demon whip.
* * * LOW HITPOINT WARNING * * *
You are engulfed in flames!
You resist.
* * * LOW HITPOINT WARNING * * *
The lich touches you but does no damage.
The flying skull barely misses you. The golden eye blinks at you.
You easily resist.
You miss the lich.
The lich is severely damaged.
You hit the great orb of eyes. You burn the great orb of eyes.
The great orb of eyes is heavily wounded.
You closely miss the flying skull. You slash the balrug!
The balrug is moderately wounded.
The great orb of eyes bites you but does no damage.
The flying skull hits you but does no damage.
The balrug gestures at you. Something smites you!
You die...

# # ##. #####. . .
##.###...###. #.#
#.##.......## #.
.##.#.........#
#....#.##..G###...#
# # #.#..X##X##...
#. ..#+#.XG#z#.#...
.# # #.#..GL#G##...
# . #..#.##Gz@## ..
≈≈ # .##.#.2..# . ≈
≈≈ #.##X..# ≈≈≈.
.##.#...# ≈≈ ..
###.#..# ≈♣ ≈≈ .
.###..# ≈ .###.#
#''####. ≈≈≈# ....#
........# #.. .(.
###.. .


You could see a lich (invisible), a balrug, a great orb of eyes, 2 eyes of
devastation, 4 large abominations, an eye of draining, 2 flying skulls and a
golden eye.

Vanquished Creatures
  A bone dragon (Abyss:3)
  A deep elf sorcerer (Elf:3)
  A frost giant (IceCv)
  Donald (Orc:2)
  An orc warlord (Orc:2)
  A deep elf demonologist (Elf:3)
  2 deep elf annihilators
  A minotaur (Lab)
  6 deep elf death magi
  Snorg (Lair:8)
  An ogre mage (Orc:2)
  A deep elf high priest (Elf:2)
  A great orb of eyes (Abyss:3)
  7 hydras
  Erolcha (Orc:2)
  26 dancing weapons
  8 death yaks
  4 spriggan berserkers (Elf:3)
  The ghost of BenSoosneb the Spear-Bearer, a novice MfIE of Vehumet (D:9)
  3 thrashing horrors (Abyss:3)
  23 deep elf knights
  A fire crab (Lair:4)
  A spatial maelstrom (Abyss:3)
  6 small abominations
  13 deep elf archers
  A hill giant (D:11)
  3 orc knights
  A lindwurm (Lair:6)
  An orb spider (Lair:6)
  13 orc sorcerers
  3 griffons
  55 deep elf magi
  2 eyes of devastation (Abyss:3)
  12 elephants
  4 black mambas
  An ice statue (IceCv)
  A torpor snail (Lair:5)
  13 komodo dragons
  17 spiny frogs
  A spriggan druid (Lair:8)
  A fire drake (Lair:8)
  4 trolls
  A two-headed ogre (D:8)
  4 raiju (Abyss:3)
  12 blink frogs
  28 polar bears
  10 spriggans (Lair:8)
  3 air elementals
  8 redbacks (Lair:8)
  9 flying skulls (Abyss:3)
  2 wraiths
  2 water elementals (Elf:1)
  2 basilisks
  51 yaks
  3 fire elementals
  3 golden eyes (Abyss:3)
  2 neqoxecs (Abyss:3)
  6 hungry ghosts
  10 hippogriffs
  2 chaos spawn (Abyss:3)
  49 wolves
  A warg (Orc:2)
  18 water moccasins
  6 porcupines
  20 orc warriors
  7 black bears
  4 ice beasts
  5 sky beasts
  4 wasps (Lair:8)
  4 phantoms
  A necrophage (D:7)
  14 ogres
  3 centaurs
  11 crocodiles
  11 big kobolds (D:8)
  17 giant frogs
  4 earth elementals (Elf:1)
  A gnoll sergeant (D:9)
  5 killer bees (D:8)
  2 electric eels (Elf:3)
  3 crimson imps
  2 giant frog zombies
  2 quasits
  4 hounds
  6 jellies
  Crazy Yiuf (D:5)
  15 orc priests
  2 giant frog skeletons
  35 orc wizards
  2 centaur skeletons (D:4)
  Jessica (D:2)
  Natasha (thrice) (D:2)
  4 iguanas
  A hell rat (shapeshifter) (Elf:2)
  12 worker ants
  41 sheep
  A hound skeleton (D:4)
  28 gnolls
  14 adders
  71 river rats
  A shadow imp (D:10)
  6 oozes
  2 worms
  11 giant geckos
  107 orcs
  8 bats
  A giant cockroach (D:2)
  2 gnoll zombies (D:5)
  7 goblins
  6 hobgoblins
  21 jackals
  8 kobolds
  5 quokkas
  2 ball pythons
  A giant gecko zombie (D:5)
  7 giant newts
  15 rats
  2 crawling corpses (Elf:3)
  14 fungi
  8 plants
1073 creatures vanquished.

Vanquished Creatures (others)
  A deep elf elementalist (Elf:3)
  A deep elf demonologist (Elf:1)
  2 deep elf knights (Elf:2)
  3 deep elf archers
  3 deep elf magi
  2 orc wizards (Orc:2)
  19 fungi
  6 plants
37 creatures vanquished.

Grand Total: 1110 creatures vanquished

Notes
Turn   | Place    | Note
--------------------------------------------------------------
     0 | D:1      | homeworkjunkie the Hill Orc Fighter began the quest for the Orb.
     0 | D:1      | Reached XP level 1. HP: 19/19 MP: 1/1
   126 | D:2      | Reached XP level 2. HP: 17/26 MP: 2/2
   247 | D:2      | HP: 1/26 [worm (6)]
   258 | D:2      | Reached skill level 4 in Shields
   258 | D:2      | Reached XP level 3. HP: 2/33 MP: 3/3
   825 | D:4      | Reached XP level 4. HP: 26/40 MP: 4/4
  1026 | D:4      | Reached XP level 5. HP: 31/46 MP: 5/5
  1053 | D:4      | Reached skill level 1 in Dodging
  1185 | D:4      | Noticed an ogre
  1191 | D:4      | Killed an ogre
  1191 | D:4      | Reached skill level 5 in Shields
  1191 | D:4      | Reached skill level 1 in Evocations
  1191 | D:4      | Reached XP level 6. HP: 28/53 MP: 6/6
  1564 | D:4      | Reached skill level 5 in Axes
  1564 | D:4      | Reached XP level 7. HP: 60/60 MP: 8/8
  1774 | D:4      | Reached skill level 5 in Fighting
  2102 | D:3      | Found an opulent altar of Gozag.
  2171 | D:3      | Reached skill level 5 in Armour
  2652 | D:3      | Reached skill level 6 in Axes
  3130 | D:2      | Noticed Natasha
  3136 | D:2      | Killed Natasha
  3237 | D:2      | Noticed Natasha
  3256 | D:2      | Killed Natasha
  3256 | D:2      | Reached XP level 8. HP: 54/69 MP: 9/9
  3312 | D:2      | Noticed Jessica
  3319 | D:2      | Killed Jessica
  3452 | D:2      | Found a glowing golden altar of the Shining One.
  3479 | D:2      | Noticed Natasha
  3492 | D:2      | Killed Natasha
  4031 | D:1      | Gained mutation: You are robust (+10% HP). [potion of beneficial mutation]
  4454 | D:1      | Found a shadowy altar of Dithmenos.
  4573 | D:5      | Entered Level 5 of the Dungeon
  4596 | D:5      | Reached skill level 7 in Axes
  5375 | D:5      | Found an iron altar of Okawaru.
  5380 | D:5      | Found a bloodstained altar of Trog.
  5388 | D:5      | Became a worshipper of Warmaster Okawaru
  5398 | D:5      | Found an ancient bone altar of Kikubaaqudgha.
  5615 | D:5      | Found a staircase to the Ecumenical Temple.
  5624 | Temple   | Entered the Ecumenical Temple
  6196 | D:5      | Found a basalt altar of Yredelemnul.
  6360 | D:5      | Reached skill level 8 in Axes
  6360 | D:5      | Reached XP level 9. HP: 83/85 MP: 11/11
  6653 | D:5      | Noticed Crazy Yiuf
  6662 | D:5      | Killed Crazy Yiuf
  6830 | D:6      | Reached * piety under Okawaru
  6986 | D:6      | Found a deep blue altar of Sif Muna.
  7387 | D:6      | Found a stormy altar of Qazlal.
  7515 | D:7      | Reached skill level 9 in Axes
  7967 | D:7      | Reached ** piety under Okawaru
  8532 | D:8      | Reached XP level 10. HP: 77/96 MP: 13/13
  8582 | D:8      | Reached skill level 10 in Axes
  8932 | D:8      | Reached *** piety under Okawaru
  9015 | D:8      | Found a sparkling altar of Nemelex Xobeh.
  9123 | D:8      | Found Igof's General Store.
  9130 | D:8      | Bought a scroll of identify for 22 gold pieces
  9445 | D:10     | Entered Level 10 of the Dungeon
  9483 | D:9      | Reached **** piety under Okawaru
  9535 | D:9      | Noticed BenSoosneb's ghost (novice MfIE)
  9559 | D:9      | Killed BenSoosneb's ghost
  9562 | D:9      | Found a staircase to the Orcish Mines.
  9582 | D:9      | Reached skill level 11 in Axes
  9614 | D:9      | Reached skill level 1 in Stealth
  9765 | D:10     | Reached skill level 5 in Evocations
  9911 | D:9      | Reached XP level 11. HP: 74/104 MP: 14/14
 10255 | D:9      | Reached ***** piety under Okawaru
 10394 | D:9      | Found a burning altar of Makhleb.
 10718 | D:11     | Noticed a hill giant
 10726 | D:11     | Killed a hill giant
 10728 | D:11     | Found a labyrinth entrance.
 10741 | Lab      | Entered a labyrinth
 10800 | Lab      | Reached skill level 10 in Shields
 11469 | Lab      | Upgraded the game from 0.18-a0-998-gcb3fcb1 to 0.18-a0-1014-g3bbf375
 11526 | Lab      | Noticed a minotaur
 11538 | Lab      | Killed a minotaur
 11538 | Lab      | Received a gift from Okawaru
 11538 | Lab      | Reached skill level 12 in Axes
 11539 | Lab      | Got a scorched greatsling {god gift}
 11542 | Lab      | Got an ancient long sword {slice}
 11553 | Lab      | Got a translucent silver ring
 11572 | D:10     | Identified the ring of the Heavens {rN+ Str+5 Int-2} (You found it in a labyrinth)
 11808 | D:10     | Found a staircase to the Lair.
 11952 | Lair:1   | Entered Level 1 of the Lair of Beasts
 12058 | Lair:1   | Found a frozen archway.
 12072 | IceCv    | Entered an ice cave
 12227 | IceCv    | Reached skill level 10 in Fighting
 12250 | IceCv    | Noticed a death yak
 12276 | IceCv    | Killed a death yak
 12617 | IceCv    | Reached XP level 12. HP: 116/116 MP: 16/16
 12643 | IceCv    | Received a gift from Okawaru
 12694 | IceCv    | Reached skill level 13 in Axes
 13615 | IceCv    | Noticed a frost giant
 14273 | IceCv    | HP: 5/118 [frost giant/bolt of cold (23)]
 14275 | IceCv    | Killed a frost giant
 14277 | IceCv    | Got a sparkling tin ring
 15363 | Lair:1   | Identified the ring "Sumil" {Ice MP-9 Str+5} (You took it off a frost giant in an ice cave)
 15738 | Lair:2   | Reached ****** piety under Okawaru
 15744 | Lair:2   | Reached XP level 13. HP: 104/127 MP: 14/18
 15749 | Lair:2   | Reached skill level 10 in Armour
 16129 | Lair:2   | Reached skill level 14 in Axes
 16135 | Lair:2   | Received a gift from Okawaru
 17165 | Lair:3   | You fall through a shaft!
 17535 | Lair:4   | Received a gift from Okawaru
 17557 | Lair:4   | Upgraded the game from 0.18-a0-1014-g3bbf375 to 0.18-a0-1024-gf1736fb
 17558 | Lair:4   | Identified a scroll of acquirement
 17959 | Lair:5   | Received a gift from Okawaru
 17970 | Lair:5   | Reached skill level 15 in Axes
 18499 | Lair:5   | Reached XP level 14. HP: 121/138 MP: 16/20
 18534 | Lair:5   | Received a gift from Okawaru
 19060 | Lair:6   | Found a hole to the Spider Nest.
 19320 | Lair:6   | Found a staircase to the Slime Pits.
 19320 | Lair:6   | Found a viscous altar of Jiyva.
 19503 | Lair:7   | Reached skill level 16 in Axes
 19506 | Lair:8   | Entered Level 8 of the Lair of Beasts
 20689 | Lair:8   | Received a gift from Okawaru
 20984 | Lair:8   | Noticed Snorg
 20992 | Lair:8   | Killed Snorg
 21036 | Lair:8   | Reached skill level 17 in Axes
 21100 | Lair:8   | Reached XP level 15. HP: 107/148 MP: 21/21
 21712 | Lair:8   | Got a twisted plate armour
 21724 | Lair:8   | Identified the +1 plate armour "Nucwong" {Int+4} (You found it on level 8 of the Lair of Beasts)
 21777 | Lair:8   | Received a gift from Okawaru
 22427 | Orc:1    | Entered Level 1 of the Orcish Mines
 22438 | Orc:2    | Entered Level 2 of the Orcish Mines
 22654 | Orc:2    | Noticed Donald
 22654 | Orc:2    | Noticed an orc warlord
 22787 | Orc:2    | Killed Donald
 22787 | Orc:2    | Killed an orc warlord
 22984 | Orc:2    | Paralysed by an orc sorcerer for 4 turns
 23295 | Orc:2    | Found a staircase to the Elven Halls.
 23790 | Orc:2    | Reached skill level 18 in Axes
 23823 | Orc:2    | Found Puix's Magic Scroll Shop.
 23843 | Orc:2    | Bought a scroll of recharging for 114 gold pieces
 23843 | Orc:2    | Bought a scroll of identify for 24 gold pieces
 23843 | Orc:2    | Bought a scroll of enchant weapon for 90 gold pieces
 23843 | Orc:2    | Bought a scroll of identify for 24 gold pieces
 23892 | Orc:2    | Found an ancient bone altar of Kikubaaqudgha.
 23914 | Orc:2    | Found Neofoz's Magic Scroll Boutique.
 23930 | Orc:2    | Noticed Erolcha
 23931 | Orc:2    | Found a radiant altar of Vehumet.
 23948 | Orc:2    | Killed Erolcha
 23957 | Orc:2    | Bought a scroll of enchant weapon for 112 gold pieces
 23957 | Orc:2    | Bought a scroll of identify for 30 gold pieces
 23957 | Orc:2    | Bought a scroll of teleportation for 45 gold pieces
 23957 | Orc:2    | Bought a scroll of identify for 30 gold pieces
 23957 | Orc:2    | Bought a scroll of identify for 30 gold pieces
 23957 | Orc:2    | Bought a scroll of identify for 30 gold pieces
 23973 | Orc:2    | Found a roughly hewn altar of Beogh.
 23999 | Orc:2    | Found Bacaes's Antique Weapon Boutique.
 24009 | Orc:2    | Found Detyicuw's Book Shop.
 24457 | Elf:1    | Entered Level 1 of the Elven Halls
 24661 | Elf:2    | Received a gift from Okawaru
 24720 | Elf:1    | Reached XP level 16. HP: 132/160 MP: 23/23
 24755 | Elf:1    | Reached skill level 15 in Shields
 24768 | Elf:1    | Got an ichor-stained ring mail
 24769 | Elf:1    | Identified the +1 ring mail "Riusus" {*Contam rElec rC+} (You found it on level 1 of the Elven Halls)
 24798 | Elf:1    | Upgraded the game from 0.18-a0-1024-gf1736fb to 0.18-a0-1035-g72c9994
 25490 | Elf:1    | Reached skill level 19 in Axes
 25581 | Elf:1    | Reached skill level 10 in Evocations
 26891 | D:8      | Bought the ring "Foigolea" {rElec Int-2 Slay+4 SInv} for 457 gold pieces
 27003 | Elf:1    | Noticed a Brimstone Fiend
 27644 | Elf:2    | Received a gift from Okawaru
 27662 | Elf:2    | Identified a +2 pair of boots of running (Okawaru gifted it to you on level 2 of the Elven Halls)
 27917 | Elf:2    | Found a portal to a secret trove of treasure.
 28061 | Elf:2    | Found a huge runed gate.
 28061 | Elf:2    | Found a huge runed gate.
 28061 | Elf:2    | Found a huge runed gate.
 28174 | Elf:3    | Entered Level 3 of the Elven Halls
 28194 | Elf:3    | Reached XP level 17. HP: 118/169 MP: 17/24
 28198 | Elf:3    | Reached skill level 15 in Fighting
 28200 | Elf:3    | Reached skill level 20 in Axes
 29630 | Elf:3    | Noticed an Ice Fiend
 29638 | Elf:3    | Cast into level 2 of the Abyss (a deep elf sorcerer)
 29693 | Elf:3    | Escaped the Abyss
 30379 | Elf:3    | Found a bloodstained altar of Trog.
 30456 | Elf:3    | Found Yrphomm's General Store.
 30516 | Elf:3    | Cast into level 3 of the Abyss (a deep elf sorcerer)
 30560 | Abyss:3  | Received a gift from Okawaru
 30746 | Abyss:3  | Noticed a bone dragon
 30772 | Abyss:3  | Killed a bone dragon
 30810 | Abyss:3  | Noticed a lich
 30830 | Abyss:3  | Reached skill level 21 in Axes
 30836 | Abyss:3  | HP: 2/173 [balrug/vampiric demon whip[a lich] (11)]
 30837 | Abyss:3  | Killed from afar by a balrug

Vault maps used:
D:1:      dpeg_arrival_water_altar
D:2:      minmay_misc_feat_ornament, tso_metal_star, uniq_jessica, uniq_natasha
D:3:      serial_bayou, serial_bayou_lagoon_a, serial_bayou_lake_a,
          serial_bayou_shore_b, serial_bayou_shore_b, serial_bayou_shore_a,
          serial_bayou_pond_b, grunt_gozag_statues
D:4:      minmay_door_path, first_bread
D:5:      lemuel_zombie_altar_yredelemnul, minmay_overflow_temple_star_quad,
          minmay_temple_entry_statues_pillars, st_stairs_11,
          uniq_crazy_yiuf_cottage
D:6:      lemuel_coloured_pillars_altar, led_sif_pool
D:8:      nemelex_deck, serial_shops, shop, special_room
D:9:      lightli_temple_of_fire, hiddenorc2_lemuel,
          hangedman_little_slice_of_home
D:10:     due_lair_maze_entry_diamond, minmay_stone_trees_medium, uniq_nergalle
D:11:     lab_entry_generic, elyvilon_altar_5
Temple:   circular_temple_12
Lair:1:   portal_ice_cave_entry_pillars_02
Lair:3:   elwin_shoals_entry_rocks, bh_autumn_forest_stairs
Lair:6:   nicolae_spider_entry_orb_guardian, slime_altar_1
Lair:8:   minmay_lair_end_enchanted_forest, grunt_megastairs_3, uniq_snorg
Orc:2:    kennysheep_orc_mage_school, uniq_donald
Elf:1:    hangedman_elven_crosses_minicolossus
Elf:2:    enter_trove_6, grunt_ministairs_4, minivault_5, spider_trap
Elf:3:    minmay_elf_hall_four_x, serial_shops, shop,
          evilmike_spriggan_trog_shrine
Abyss:2:  evilmike_abyss_exit_glass
Abyss:3:  evilmike_abyss_exit_12, hangedman_eye_storm,
          guppyfry_abyss_exit_imp_island
Lab:      labyrinth_mini_lab, labyrinth_skeletal_remains, lab_hedge,
          nicolae_lab_diamond, nicolae_lab_x
IceCv:    ice_cave_caverns_01

Action                   |  1- 3 |  4- 6 |  7- 9 | 10-12 | 13-15 | 16-18 || total
-------------------------+-------+-------+-------+-------+-------+-------++-------
Melee: War axe           |    83 |    48 |   595 |   808 |  1376 |   677 ||  3587
Evoke: Wand              |     5 |    13 |     4 |    21 |     7 |    26 ||    76
  Use: Potion            |     1 |       |     1 |    10 |     2 |    12 ||    26
       Scroll            |     2 |       |    20 |    18 |    26 |     7 ||    73
 Stab: Invisible         |       |       |       |    21 |    10 |    13 ||    44
       Paralysed         |       |       |       |     3 |       |       ||     3
  Eat: Bread ration      |       |     1 |     4 |     2 |     4 |     1 ||    12
       Royal jelly       |       |       |     2 |    10 |       |     1 ||    13
       Beef jerky        |       |       |     2 |     3 |     2 |       ||     7
       Meat ration       |       |       |       |     2 |     3 |     3 ||     8
